 Dungeon Crawl Stone Soup version 0.26-a0-665-gefeb406119 (webtiles) character file.

Game seed: 13648877991277325414

38 somkeydreadnuts the Skirmisher (level 3, -3/29 HPs)
             Began as a Demonspawn Berserker on Oct 15, 2020.
             Was a Follower of Trog.
             Slain by Terence
             ... wielding a +2 falchion of electrocution
              (11 damage)
             ... on level 2 of the Dungeon.
             The game lasted 00:03:13 (1045 turns).

somkeydreadnuts the Skirmisher (DsBe)               Turns: 1045, Time: 00:03:14

Health: -3/29      AC:  2    Str: 18    XL:     3   Next: 25%
Magic:  3/3        EV: 12    Int:  8    God:    Trog [*.....]
Gold:   78         SH:  0    Dex: 12    Spells: 2/2 levels left

rFire    . . .     SeeInvis .   a - +0 hand axe
rCold    . . .     Faith    .   (no shield)
rNeg     . . .     Spirit   .   b - +0 animal skin
rPois    .         Reflect  .   (no helmet)
rElec    .         Harm     .   (no cloak)
rCorr    .         Rampage  .   (no gloves)
MR       .....                  (no boots)
Stlth    +.........             (no amulet)
HPRegen  0.09/turn              (no ring)
MPRegen  0.08/turn              (no ring)

@: berserk cooldown
A: talons 1, powered by pain 1
a: Berserk, Renounce Religion


You were on level 2 of the Dungeon.
You worshipped Trog.
Trog was aware of your devotion.
You visited 1 branch of the dungeon, and saw 2 of its levels.

You collected 78 gold pieces.

Inventory:

Hand Weapons
 a - a +0 hand axe (weapon)
Armour
 b - a +0 animal skin (worn)
Scrolls
 d - 4 scrolls of amnesia {unknown}
 f - 3 scrolls of identify {unknown}
 g - a scroll of magic mapping {unknown}
 i - a scroll of teleportation {unknown}
Potions
 c - a potion of flight {unknown}
 e - a potion of heal wounds {unknown}
 h - a potion of haste {unknown}
 j - a potion of degeneration {unknown}


   Skills:
 + Level 3.5 Fighting
 + Level 3.3 Axes
 + Level 1.9 Armour
 + Level 2.1 Dodging


You had 2 spell levels left.
You didn't know any spells.
Your spell library was empty.

Dungeon Overview and Level Annotations

Branches:
Dungeon (2/15)

Altars:

Annotations:
D:2 Terence


Innate Abilities, Weirdness & Mutations

You have sharp toenails.
You sometimes gain a little power by taking damage.


Message History

Things that are here:
a +0 club; a hobgoblin corpse You see here 2 stones.
f - 3 scrolls labeled WEUSICR JETEU (gained 1)
j - a fuming yellow potion Unknown command.
You feel yourself speed up.
Found 9 gold pieces.
Terence the Incautious comes into view.
He is wielding a +2 falchion of electrocution.
Terence shouts!
You hear a shout!
A goblin comes into view. It is wielding a +0 dagger.
The goblin shouts!
Terence hits you but does no damage.
You barely miss Terence. Terence closely misses you.
You hit Terence but do no damage. You closely miss the goblin.
The goblin hits you with a +0 dagger.
Terence hits you with a +2 falchion of electrocution.
* * * LOW HITPOINT WARNING * * *
You are electrocuted!
You die...

###....####....[...
#.......#.....##.
#.......#.....#
#.......#.......
#.......#........
.#####....##..........
..........# ...##.####
#####....#.....
#..@.......
##.@g#..... #...#...$.
#...# .... #...# ....
#...# ... ..... .....


You could see Terence and a goblin.

Vanquished Creatures
  An adder (D:2)
  A worm (D:2)
  A giant cockroach (D:1)
  3 goblins
  4 hobgoblins
  4 jackals (D:1)
  2 kobolds (D:1)
  A quokka (D:2)
  3 bats
  2 frilled lizards (D:1)
  3 rats (D:1)
25 creatures vanquished.

Notes
Turn   | Place    | Note
-------+----------+-------------------------------------------
     0 | D:1      | somkeydreadnuts the Demonspawn Berserker began the quest
                  | for the Orb.
     0 | D:1      | Reached XP level 1. HP: 18/18 MP: 1/1
   333 | D:1      | Gained mutation: You have sharp toenails. [demonic
                  | ancestry]
   333 | D:1      | Reached XP level 2. HP: 24/24 MP: 2/2
  1002 | D:2      | Gained mutation: You sometimes gain a little power by
                  | taking damage. [demonic ancestry]
  1002 | D:2      | Reached XP level 3. HP: 21/29 MP: 3/3
  1040 | D:2      | Noticed Terence
  1045 | D:2      | Slain by Terence

Illustrated notes

Levels and vault maps discovered:
D:1:      nicolae_arrival_washed_ashore, layout_loops_ring, minmay_box_of_dots
D:2:      layout_basic, grunt_temple_overflow_order_and_chaos_2,
          chequers_ecumenical_altar_simple, uniq_terence

Skill      XL: |  1  2 |
---------------+-------+-----
Axes           | 3 |  3.3
Dodging        | 2 |  2.1
Fighting       | |  3.5
Armour         | |  1.9

Action                   || total
-------------------------++-------
Melee: Hand axe          ||    61
       Kick              ||     5
Invok: Berserk           ||     2
Armor: Animal skin       ||    12
Dodge: Dodged            ||    50

Table legend: (Time is in decaauts)
 A = Elapsed time spent in this place.
 B = Non-inter-level travel time spent in this place.
 C = Inter-level travel time spent in this place.
 D = Time resting spent in this place.
 E = Time spent auto-exploring this place.
 F = Levels seen in this place.
 G = Mean time per level.
                   A        B        C        D        E       F      G
               +--------+--------+--------+--------+--------+-----+--------+
         Total |   1066 |   1066 |      0 |      0 |    731 |   2 |  533.0 |
       Dungeon |   1066 |   1066 |      0 |      0 |    731 |   2 |  533.0 |
               +--------+--------+--------+--------+--------+-----+--------+

Top non-repeatable levels by time:
     D:1: 993 daAuts
     D:2: 73 daAuts
